 Dungeon Crawl Stone Soup version 0.26.1-11-gd32895ea62 (webtiles) character file.

Game seed: 9520209078369990962

41 Zeld the Skirmisher (level 3, -1/26 HPs)
             Began as an Octopode Fighter on May 11, 2021.
             Slain by a hound (4 damage)
             ... on level 1 of the Dungeon.
             The game lasted 00:01:20 (1225 turns).

Zeld the Skirmisher (Octopode Fighter)              Turns: 1225, Time: 00:01:21

Health: -1/26      AC:  1    Str: 16    XL:     3   Next: 52%
Magic:  3/3        EV: 11    Int: 10    God:
Gold:   74         SH:  9    Dex: 11    Spells: 2/2 levels left

rFire    . . .     SeeInvis .   a - +0 war axe
rCold    . . .     Faith    .   b - +0 kite shield
rNeg     . . .     Spirit   .   (helmet restricted)
rPois    .         Reflect  .   (no amulet)
rElec    .         Harm     .   (no ring)
rCorr    .         Rampage  .   (no ring)
Will     .....                  (no ring)
Stlth    ++........             (no ring)
HPRegen  0.08/turn              (no ring)
MPRegen  0.08/turn              (no ring)
                                (no ring)
                                (no ring)

@: no status effects
A: almost no armour, stealthy swim, amphibious, 8 rings, constrict 8, camouflage
1, gelatinous body 1
a: no special abilities


You were on level 1 of the Dungeon.
You visited 1 branch of the dungeon, and saw 2 of its levels.

You collected 74 gold pieces.

Inventory:

Hand Weapons
 a - a +0 war axe (weapon)
Armour
 b - a +0 kite shield (worn)
Scrolls
 e - a scroll of magic mapping {unknown}
 g - 4 scrolls of remove curse {unknown}
 h - a scroll of random uselessness {unknown}
Potions
 c - 2 potions of might
 d - 2 potions of invisibility {unknown}
 f - a potion of curing {unknown}


   Skills:
 * Level 3.5 Fighting
 * Level 2.7 Axes
 - Level 3.0 Dodging
 * Level 3.5 Shields


You had 2 spell levels left.
You didn't know any spells.
Your spell library was empty.

Dungeon Overview and Level Annotations

Branches:
Dungeon (2/15)

Altars:

Annotations:
D:2 Terence


Innate Abilities, Weirdness & Mutations

You cannot wear most types of armour.
You are very stealthy in the water. (Stealth+)
You are amphibious.
You can wear up to eight rings at the same time.
You can use your tentacles to constrict eight enemies at once.
Your skin changes colour to match your surroundings (Stealth+).
Your rubbery body absorbs attacks. (AC +1, EV +1)


Message History

You climb upwards.
There is a stone staircase leading down here.
You closely miss the hound. Your grab misses the hound.
Your squeeze misses the hound.
The hound is severely wounded.
You block the hound's attack. The hound misses you.
You closely miss the hound. Your grab misses the hound.
The hound is severely wounded.
The hound bites you.
* * * LOW HITPOINT WARNING * * *
You block the hound's attack.
You closely miss the hound. Your grab misses the hound.
The hound is severely wounded.
The hound bites you.
* * * LOW HITPOINT WARNING * * *
The hound closely misses you.
You closely miss the hound. Your grab misses the hound.
The hound is severely wounded.
The hound bites you.
You die...

#.#### ####....#
#....##.# #.#####.#
#.#.....#######
#.#.####......#
####.#.##........#### #
#....#.##.#.#.#.....# #
#.####.#.....@h.....# #
#.####..#.#.#.##....# #
#....###.......###### #
###.## ##.#.#.## #
#.####...)...# #
#....##.#.#.######### #
####.####...#.......# #
#...####..)#.#####.####
# #.#....'...).#
#....#####


You could see a hound.

Vanquished Creatures
  An ooze (D:1)
  A dart slug (D:1)
  A leopard gecko (D:1)
  6 bats (D:1)
  2 giant cockroaches (D:1)
  5 goblins (D:1)
  5 hobgoblins
  2 frilled lizards (D:1)
  6 kobolds (D:1)
  2 rats (D:1)
31 creatures vanquished.

Notes
Turn   | Place    | Note
-------+----------+-------------------------------------------
     0 | D:1      | Zeld the Octopode Fighter began the quest for the Orb.
     0 | D:1      | Reached XP level 1. HP: 16/16 MP: 1/1
   124 | D:1      | Reached XP level 2. HP: 17/21 MP: 2/2
   433 | D:1      | Reached XP level 3. HP: 26/26 MP: 3/3
  1199 | D:2      | Noticed Terence
  1225 | D:1      | Slain by a hound

Illustrated notes

Levels and vault maps discovered:
D:1:      scummos_arrival_hexagon, layout_basic, st_stairs_8,
          minmay_fountain_box, kennysheep_pointless_box, dk_noncrumbling_2
D:2:      layout_loops_corners, minmay_misc_feat_pillars,
          minmay_misc_feat_roman, uniq_natasha, uniq_terence

Action                   || total
-------------------------++-------
Melee: War axe           ||    61
       Constrict         ||    17
       Tentacles         ||     6
 Stab: Sleeping          ||     4
Armor: Skin              ||    10
Dodge: Dodged            ||    45
Block: Kite shield       ||    44
